[Event "*** Titled Tuesday Blitz"]
[Site "Chess.com"]
[Date "2020.04.21"]
[Round "9"]
[White "ftorodent"]
[Black "Kingsman132"]
[Result "1-0"]
[WhiteElo "2657"]
[BlackElo "2496"]
[TimeControl "180+1"]
[EndTime "11:50:51 PDT"]
[Termination "ftorodent won by checkmate"]

1. d4 Nf6 2. c4 e6 3. Nf3 Bb4+ 4. Bd2 a5 5. Nc3 O-O 6. e3 d5 7. Bd3 Bxc3 8. Bxc3 Ne4 9. Qc2 f5 10. O-O Nc6 11. Rfc1 g5 12. cxd5 exd5 13. Be1 g4 14. Nd2 Nb4 15. Qb1 Nxd3 16. Qxd3 c6 17. f3 Nd6 18. Bg3 h5 19. Rf1 b6 20. Qc3 Ba6 21. Rf2 Rc8 22. Re1 h4 23. Be5 Nf7 24.
Bf4 Ng5 25. Kh1 h3 26. gxh3 Nxh3 27. Rg2 Qh4 28. Bg3 Qh5 29. e4 fxe4 30. fxe4 dxe4 31.
Nxe4 Rf3 32. Qd2 Rcf8 33. Rgg1 Qd5 34. Qg2 Rf1 35. Rgxf1 Rxf1+ 36. Rxf1 Bxf1 37. Nf6+ Kf8 38. Nxd5 Bxg2+ 39. Kxg2 cxd5 40. Bc7 b5 41. Kg3 Ke7 42. Kxg4 Nf2+ 43. Kf5 Nd3 44. Bxa5 Nxb2 45. Bb4+ Kd7 46. h4 Nd3 47. Bc5 Nxc5 48. dxc5 d4 49. Ke4 b4 50. Kxd4 b3 51. axb3 Ke6 52. b4 Kf5 53. b5 Ke6 54. b6 Kd7 55. h5 Kc6 56. h6 Kb5 57. h7 Ka6 58. h8=Q Kb7 59. Qg7+ Ka6 60. Qa7+ Kb5 61. b7 Kc6 62. Qb6+ Kd7 63. Qd6+ Ke8 64. b8=Q+ Kf7 65. Qbf8# 1-0

[Event "*** Titled Tuesday Blitz"]
[Site "Chess.com"]
[Date "2020.04.21"]
[Round "9"]
[White "annamaja"]
[Black "DrBergerBerger"]
[Result "0-1"]
[WhiteElo "2240"]
[BlackElo "2455"]
[TimeControl "180+1"]
[EndTime "11:50:51 PDT"]
[Termination "DrBergerBerger won by checkmate"]

1. e4 e6 2. d4 d5 3. exd5 exd5 4.
c4 Nf6 5. Nc3 Bb4 6. Bd3 O-O 7.
Ne2 Nc6 8. O-O dxc4 9. Bxc4 Bf5 10. Bg5 h6 11. Bh4 Be7 12. Re1 Na5 13. Bd3 Bxd3 14. Qxd3 Re8 15. Rad1 Nd5 16. Bxe7 Rxe7 17. Nxd5 Qxd5 18.
Nc3 Rxe1+ 19. Rxe1 Qc4 20. Qf3 Nc6 21. d5 Nd4 22.
Qg4 b5 23. Rd1 c5 24. dxc6 Nxc6 25. Qxc4 bxc4 26. Rd6 Ne5 27. f4 Nd3 28. b3 Nxf4 29.
bxc4 Rc8 30. Rd4 Ne6 31. Re4 Nc5 32. Re2 Nd3 33. Rd2 Ne5 34. Nd5 Rxc4 35. h3 Kh7 36. Kh2 Ra4 37. Nc3 Ra3 38. Ne2 Nc4 39. Rc2 Ne3 40. Rb2 Nc4 41. Rc2 Ne3 42. Rb2 Nf5 43. Rc2 Nd6 44. Rb2 Ne4 45. Rc2 Nf6 46. Ng3 a5 47.
Rb2 a4 48. Rc2 h5 49. Ne2 Re3 50. Nd4 a3 51. Nf5 Rd3 52. Ng3 h4 53. Ne2 g5 54.
Nc1 Rd1 55. Nb3 Nh5 56. Nc5 Ng3 57. Rc3 Rh1# 0-1

[Event "*** Titled Tuesday Blitz"]
[Site "Chess.com"]
[Date "2020.04.21"]
[Round "9"]
[White "Egorov_Pavel"]
[Black "Perecke"]
[Result "1/2-1/2"]
[WhiteElo "2337"]
[BlackElo "2157"]
[TimeControl "180+1"]
[EndTime "11:50:51 PDT"]
[Termination "Game drawn by repetition"]

1. d4 d5 2. c4 e6 3. Nc3 Nf6 4. Bg5 Be7 5. e3 h6 6. Bxf6 Bxf6 7. cxd5 exd5 8. Nf3 O-O 9. Bd3 c6 10. O-O Bg4 11. b4 Nd7 12. b5 c5 13. Nxd5 cxd4 14. Nxf6+ Qxf6 15. exd4 Rfd8 16. Be4 Nc5 17. dxc5 Rxd1 18.
Raxd1 Qe7 19. Bd5 Qxc5 20. Bxb7 Rb8 21. Bc6 Bxf3 22. gxf3 a6 23. a4 Qc4 24. Ra1 axb5 25. axb5 Rxb5 26. Bxb5 Qxb5 27. Ra3 Qg5+ 28. Kh1 Qc5 29.
Re3 g6 30. Rg1 Kg7 31. Rg4 h5 32. Rge4 Qc1+ 33. Kg2 Qc5 34. h4 Qd6 35. Re7 Qf4 36.
R7e4 Qf5 37. Kg3 Kh6 38. Rf4 Qd7 39. Kg2 Kg7 40. Ree4 f5 41. Rd4 Qc7 42. Rc4 Qe5 43. Rfd4 Kh6 44. Rd7 Qf6 45. Kh3 f4 46. Rcc7 g5 47.
Rh7+ Kg6 48. hxg5 Qb2 49. Rcg7+ Qxg7 50. Rxg7+ Kxg7 51. Kh4 Kg6 52. Kh3 Kxg5 53. Kg2 Kf5 54. Kh3 Kg5 55. Kg2 Kf5 56. Kh3 Kg5 1/2-1/2

[Event "*** Titled Tuesday Blitz"]
[Site "Chess.com"]
[Date "2020.04.21"]
[Round "9"]
[White "Ranindu2003"]
[Black "XiaoKangZhong"]
[Result "1-0"]
[WhiteElo "2517"]
[BlackElo "2373"]
[TimeControl "180+1"]
[EndTime "11:50:54 PDT"]
[Termination "Ranindu2003 won by checkmate"]

1. e4 c6 2. d4 d5 3. e5 c5 4. dxc5 Nc6 5. f4 e6 6. Be3 Nge7 7. Bd3 d4 8. Bf2 Nd5 9. Qg4 h5 10. Qf3 Bxc5 11. a3 g5 12. g3 gxf4 13. gxf4 Qa5+ 14.
Kf1 Ncb4 15. Ne2 Nxd3 16. Qxd3 Ne3+ 17. Bxe3 dxe3 18. Nbc3 Bd7 19. Ne4 Bc6 20. Rg1 Rd8 21. Nd6+ Ke7 22. Rd1 Qb6 23. b4 Bxd6 24. exd6+ Kd7 25.
c4 Rdg8 26. c5 Qb5 27. Nd4 Qxd3+ 28. Rxd3 e2+ 29. Nxe2 Bb5 30. Rxg8 Rxg8 31. Re3 Rg4 32. Kf2 Bxe2 33. Kxe2 Rxf4 34. Rh3 h4 35. Rf3 Re4+ 36.
Kd3 f5 37. Re3 Rxe3+ 38. Kxe3 e5 39. b5 f4+ 40. Kf3 h3 41. a4 Kd8 42. c6 bxc6 43. bxc6 Kc8 44. Kg4 Kd8 45. Kxh3 e4 46. Kg4 f3 47.
Kg3 Kc8 48. Kf2 Kd8 49. h4 Ke8 50. h5 Kf7 51. h6 Kg6 52. d7 Kxh6 53. d8=Q Kh5 54.
Qd4 Kg4 55. Qxe4+ Kh3 56. Qxf3+ Kh2 57. c7 a5 58. Qg2# 1-0

[Event "*** Titled Tuesday Blitz"]
[Site "Chess.com"]
[Date "2020.04.21"]
[Round "9"]
[White "ZeZacarias"]
[Black "checkmatequen"]
[Result "0-1"]
[WhiteElo "2061"]
[BlackElo "2234"]
[TimeControl "180+1"]
[EndTime "11:50:54 PDT"]
[Termination "checkmatequen won on time"]

1. d4 Nf6 2. c4 e6 3. Nc3 c5 4. d5 exd5 5. Nxd5 Nxd5 6. cxd5 d6 7.
e4 g6 8. f4 Bg7 9. Nf3 O-O 10. Bd3 Re8 11. O-O Bg4 12. h3 Bxf3 13. Qxf3 Nd7 14. Kh1 a6 15. a4 Rc8 16. Qf2 c4 17.
Bc2 Nc5 18. Re1 b5 19. axb5 axb5 20. Ra3 b4 21. Rf3 b3 22. Bb1 Ra8 23. f5 Ra1 24.
fxg6 fxg6 25. Be3 Nxe4 26. Bxe4 Rxe1+ 27. Qxe1 Rxe4 28. Qf2 c3 29. bxc3 Bxc3 30. Bg5 Qxg5 31. Rxc3 Qe7 32. Rxb3 Re1+ 33. Kh2 Qe5+ 34. Qg3 Qxg3+ 35.
Kxg3 Rd1 36. Rb5 Kf7 37. Kg4 Kf6 38. Kf4 Rd4+ 39. Ke3 Ke5 40. Rb7 Rh4 41. Rb5 h6 42. Kf3 Rd4 43. Rb8 Rxd5 44. g4 Rd3+ 45. Kg2 d5 46.
Rf8 d4 47. h4 Rd2+ 48. Kf3 Rh2 49. Re8+ Kf6 50. Kg3 Rd2 51. Rd8 d3 52. Kf4 Rd1 53.
Rd6+ Ke7 54. Rd4 d2 55. Ke3 Rh1 56. Kxd2 Rxh4 57. Ke3 Kf6 58. Kf3 Rh3+ 59. Kg2 Ra3 60. Rb4 Kg5 61. Kh2 Rf3 62. Kg2 Rf4 0-1

[Event "*** Titled Tuesday Blitz"]
[Site "Chess.com"]
[Date "2020.04.21"]
[Round "9"]
[White "flomarechot"]
[Black "GracefulYear"]
[Result "1/2-1/2"]
[WhiteElo "2111"]
[BlackElo "2496"]
[TimeControl "180+1"]
[EndTime "11:50:54 PDT"]
[Termination "Game drawn by repetition"]

1. d4 Nf6 2. c4 e6 3. Nf3 b6 4. g3 Bb7 5. Bg2 Be7 6. O-O O-O 7. Nc3 Ne4 8. Qc2 Nxc3 9. Qxc3 f5 10. Rd1 d6 11. a4 Nd7 12. a5 Bf6 13. Qc2 Be4 14. Qa4 Qe7 15. Ne1 Bxg2 16. Nxg2 e5 17. dxe5 Nxe5 18.
Nf4 Qf7 19. Nd5 Rae8 20. Bf4 Ng6 21. e3 Nxf4 22. Nxf6+ Qxf6 23. exf4 Qxb2 24. axb6 axb6 25. Rab1 Qc3 26. Qc6 Re4 27. Qxc7 Qxc4 28. Qxc4+ Rxc4 29. Rxb6 Re8 30. Rbxd6 Re2 31. Rd8+ Kf7 32. R1d7+ Kg6 33. Rd6+ Kh5 34. Rd2 Re7 35. Kg2 Rc1 36. R8d7 Rxd7 37. Rxd7 Kg6 38. h3 Rc2 39. Rd6+ Kf7 40. g4 fxg4 41.
hxg4 Rc3 42. f3 Rc1 43. f5 h5 44. gxh5 Rc5 45. h6 gxh6 46. Rxh6 Rxf5 47. Kg3 Rf6 48. Rh7+ Kg6 49. Ra7 Rb6 50. Kg4 Rb1 51. Ra6+ Kf7 52.
f4 Rb5 53. f5 Rb1 54. Kg5 Rg1+ 55. Kf4 Rf1+ 56. Kg4 Rg1+ 57. Kf3 Rf1+ 58. Ke4 Re1+ 59.
Kd5 Rd1+ 60. Ke4 Re1+ 61. Kd4 Rd1+ 62. Ke3 Rf1 63. Ke4 Re1+ 1/2-1/2

[Event "*** Titled Tuesday Blitz"]
[Site "Chess.com"]
[Date "2020.04.21"]
[Round "9"]
[White "EddieMarsalla"]
[Black "praveenb2002"]
[Result "1-0"]
[WhiteElo "2559"]
[BlackElo "2698"]
[TimeControl "180+1"]
[EndTime "11:50:58 PDT"]
[Termination "EddieMarsalla won by resignation"]

1. d4 d5 2. Bg5 Nd7 3. e3 Ngf6 4. f4 Ne4 5. Bh4 c5 6. c3 Qb6 7. Qb3 e6 8. Nf3 Bd6 9. Nbd2 O-O 10. Nxe4 dxe4 11. Nd2 Qxb3 12. axb3 f5 13. Bc4 Nb6 14. O-O Bd7 15. Ra5 Rfc8 16. Rfa1 a6 17. Bf2 g6 18. g3 Kf7 19. Bf1 Nd5 20. Nc4 Bc7 21. dxc5 Bxa5 22. Nd6+ Kf6 23. Nxc8 Bc7 24. Nd6 Bxd6 25.
cxd6 Rc8 26. c4 Nb6 27. Be1 Rc6 28. Bc3+ Kf7 29. Bd4 Rxd6 30. c5 Rxd4 31. exd4 Nd5 32. Bc4 Bc6 33. Bxd5 Bxd5 34. Kf2 Bxb3 35. c6 bxc6 36.
Rxa6 Bd5 37. Ra7+ Kg8 38. Ke3 h6 39. Kd2 Kf8 40. Kc3 Kg8 41. Kb4 e3 42. Kc3 e2 43.
Kd2 Bc4 44. Rc7 Bb5 45. Re7 Bc4 46. b3 Bxb3 47. Kxe2 Kf8 48. Rc7 Bd5 49. Kd2 g5 50.
Kc3 Kg8 51. Kb4 gxf4 52. gxf4 h5 53. Kc5 h4 54. Kd6 h3 55. Ke5 Kf8 56. Rh7 Kg8 57. Rxh3 Kg7 58. Rg3+ Kh6 59. Rg5 Bc4 60. h4 Bd5 61.
Kd6 Kh7 62. h5 Kh6 63. Ke7 Bc4 64. Kf6 Bd5 65. Ke5 Bc4 66. Rg6+ Kxh5 67. Rxe6 Kg4 68. Rxc6 Ba2 69. Rg6+ Kf3 70. d5 Ke3 71. d6 1-0

[Event "*** Titled Tuesday Blitz"]
[Site "Chess.com"]
[Date "2020.04.21"]
[Round "9"]
[White "varacalli"]
[Black "Shivagami"]
[Result "0-1"]
[WhiteElo "2319"]
[BlackElo "2164"]
[TimeControl "180+1"]
[EndTime "11:51:03 PDT"]
[Termination "Shivagami won by resignation"]

1. d4 Nf6 2. Nf3 d5 3. c4 c6 4.
Qc2 dxc4 5. Qxc4 Bf5 6. g3 e6 7. Bg2 Nbd7 8. O-O Bd6 9. Nc3 O-O 10. Re1 Ne4 11. Qb3 c5 12. Nh4 Nxc3 13. bxc3 Bg4 14. Qxb7 Nb6 15. Qa6 Nd5 16. Bd2 cxd4 17. cxd4 Nb4 18.
Qa4 Rb8 19. Rab1 Qe7 20. Nf3 Bf5 21. Rbc1 Rfc8 22. Ne5 Bc2 23. Qa5 a6 24. h3 Rb5 25.
Qa3 Nd3 26. Qxd6 Qxd6 27. Nxd3 Rbb8 28. Nc5 Bf5 29. Be3 e5 30. g4 Bg6 31. Nb7 Qb6 32. Nc5 exd4 33. Nd7 Qd6 34. Nxb8 Rxb8 35. Bd2 h6 36. Rc6 Qd7 37. Rec1 Rb2 38. Bf4 d3 39. exd3 Qxd3 40. Rc8+ Kh7 41. R8c3 Qe2 42. Bg3 Rxa2 43. Bf1 Qb2 44. h4 a5 45. h5 Be4 46. Rc4 Bb1 47. Rd1 a4 48. Rcd4 Bc2 49. R1d2 a3 50. Bd3+ Bxd3 51. Rxb2 axb2 52. Rxd3 b1=Q+ 53. Kh2 Qxd3 0-1

[Event "*** Titled Tuesday Blitz"]
[Site "Chess.com"]
[Date "2020.04.21"]
[Round "9"]
[White "1g41-0"]
[Black "Keaton87"]
[Result "1-0"]
[WhiteElo "2450"]
[BlackElo "2642"]
[TimeControl "180+1"]
[EndTime "11:51:04 PDT"]
[Termination "1g41-0 won by resignation"]

1. e4 c5 2. Nf3 d6 3. d4 Nf6 4.
Nc3 cxd4 5. Nxd4 g6 6. Be3 Bg7 7. f3 O-O 8. Qd2 Nc6 9. Bc4 Bd7 10. O-O-O Rc8 11. Bb3 Nxd4 12. Bxd4 b5 13. Nd5 Nxd5 14. Bxg7 Kxg7 15. exd5 a5 16. a3 b4 17. axb4 axb4 18.
h4 Qa5 19. Qd4+ Kg8 20. h5 Bf5 21. Kd2 Bxc2 22. Ra1 Qxa1 23. Rxa1 Bxb3 24. h6 f6 25. Ra7 Rc5 26. Qxb4 Rxd5+ 27. Ke3 Re5+ 28. Kf2 Bd5 29. Qd4 Kf7 30. f4 Rh5 31. Ra5 Ba8 32. Qc4+ d5 33. Qa4 Bb7 34. Ra7 Bc8 35. Qb4 Re8 36. Qc5 Rxh6 37.
Qxd5+ Be6 38. Qc5 Rh5 39. Qc3 Rb5 40. b4 Reb8 41. Qc7 Re8 42. Rb7 Rxb7 43. Qxb7 Rc8 44. b5 Rc2+ 45. Ke3 Rb2 46. b6 Rb3+ 47. Kf2 Rb2+ 48. Kg1 Rb1+ 49. Kh2 Bc8 50. Qxc8 Rxb6 51. Qh8 f5 52. Qxh7+ Kf6 53. Qg8 Rd6 54. Qf8+ Ke6 55.
Kg3 Rd2 56. Qc8+ Kf7 57. Qc4+ Kf8 58. Qc3 Ra2 59. Qh8+ Kf7 60. Qh7+ Kf6 61. Qg8 Rd2 62. Qf8+ Ke6 63. Qg7 Rd3+ 64. Kh2 Kd6 65. Qxg6+ e6 66.
Qf6 Rd5 67. Qd8+ Kc6 68. Qe7 Rd6 69. Kg3 Kd5 70. Qb7+ Rc6 71. Kh4 Kd6 72. Kg5 Rc2 73. Qb6+ Kd5 74. Qd8+ Ke4 75. Qa8+ Ke3 76. Qa7+ Ke4 77.
Qb7+ Ke3 78. Qb6+ Ke2 79. Qxe6+ Kf2 80. Qxf5 1-0

[Event "*** Titled Tuesday Blitz"]
[Site "Chess.com"]
[Date "2020.04.21"]
[Round "9"]
[White "crazy_but_lazy"]
[Black "m_ezat"]
[Result "1-0"]
[WhiteElo "2391"]
[BlackElo "2503"]
[TimeControl "180+1"]
[EndTime "11:51:04 PDT"]
[Termination "crazy_but_lazy won by checkmate"]

1. d4 Nf6 2. c4 g6 3. Nc3 Bg7 4. h4 d6 5. e4 O-O 6. Be2 h5 7.
Bg5 Nc6 8. Qd2 e5 9. Nf3 Bg4 10. dxe5 dxe5 11. Nd5 Bxf3 12. Bxf3 Nd4 13. O-O-O c6 14.
Nxf6+ Bxf6 15. Be3 Qe7 16. Bxd4 exd4 17. g3 Rfd8 18.
Qd3 b5 19. e5 Qxe5 20. Bxc6 Rac8 21. cxb5 a6 22. Kb1 axb5 23. Bxb5 Rb8 24. Bc4 Rdc8 25.
Rhe1 Qa5 26. Qxg6+ Bg7 27. Qxf7+ Kh8 28. Bb3 d3 29.
Re7 Rg8 30. Qg6 Rxb3 31. axb3 Qd5 32. Qxd3 Qe5 33. Rxg7 Qxg7 34. Qd4 Rf8 35. Qxg7+ Kxg7 36. Rd2 Rf3 37. b4 Rb3 38. Kc2 Rxb4 39. Kc3 Rb8 40.
b4 Rc8+ 41. Kb3 Rc1 42. b5 Kf6 43. Kb4 Rb1+ 44. Ka5 Ra1+ 45. Kb6 Ke5 46. Kc6 Rc1+ 47. Kb7 Ke4 48. b6 Rb1 49. Kc7 Rc1+ 50. Kb8 Rb1 51. b7 Ke5 52. Ra2 Kd6 53. Ka8 Kc7 54. Rc2+ Kd7 55. b8=Q Ra1+ 56. Qa7+ Rxa7+ 57. Kxa7 Ke6 58. Rc4 Kf6 59. Rf4+ Ke5 60. Kb7 Ke6 61. Kc8 Ke5 62. Kd8 Ke6 63. Ke8 Ke5 64. Kf8 Ke6 65. Kg8 Ke5 66. Kh8 Ke6 67. Kh7 Ke5 68. Kh6 Ke6 69.
Kg5 Ke5 70. Kg6 Ke6 71. Kxh5 Ke5 72. Kg5 Ke6 73. h5 Ke5 74. h6 Ke6 75. h7 Ke5 76. h8=Q+ Ke6 77. Kh5 Ke7 78. Rf8 Ke6 79. Qf6+ Kd7 80.
Rd8+ Kc7 81. Qd6+ Kb7 82. g4 Ka7 83. g5 Kb7 84. g6 Ka7 85. g7 Kb7 86. g8=Q Ka7 87.
f4 Kb7 88. f5 Ka7 89. f6 Kb7 90. f7 Ka7 91. f8=Q Kb7 92. Qb3+ Ka7 93. Qda3# 1-0

[Event "*** Titled Tuesday Blitz"]
[Site "Chess.com"]
[Date "2020.04.21"]
[Round "9"]
[White "LionTheLeon_06"]
[Black "sergeikim"]
[Result "1-0"]
[WhiteElo "2614"]
[BlackElo "2428"]
[TimeControl "180+1"]
[EndTime "11:51:05 PDT"]
[Termination "LionTheLeon_06 won on time"]

1. d4 Nf6 2. c4 g6 3. Nc3 Bg7 4. e4 d6 5. h3 O-O 6. Bg5 Nbd7 7. Bd3 e5 8. d5 Nc5 9. Bc2 a5 10. g4 Bd7 11. Nge2 Rc8 12. Ng3 c6 13. f3 h6 14. Be3 cxd5 15. cxd5 Ne8 16. h4 b5 17. h5 b4 18. Na4 Bxa4 19. Bxa4 Nxa4 20. Qxa4 Rc4 21. Kf2 Qc7 22. Rac1 Rxc1 23. Rxc1 Qd8 24. Qc2 Qh4 25. Rh1 Qd8 26. Qc6 Nf6 27. Rc1 Nh7 28. Kg2 Ng5 29. Qa6 Qf6 30. Qe2 a4 31. Rc6 b3 32. a3 Qe7 33. Bd2 Qf6 34. Bb4 Rd8 35.
Ba5 Rd7 36. Rc8+ Kh7 37. Bd2 Qe7 38. Rc6 Bf8 39. Be3 Qf6 40. Rc4 Qe7 41. Rxa4 Rc7 42. Rc4 Rxc4 43. Qxc4 Qf6 44. Qe2 Qe7 45. Qd3 Qb7 46.
Bxg5 hxg5 47. hxg6+ fxg6 48. Nf1 Be7 49. Nd2 Bd8 50.
Qxb3 Qa7 51. Qd3 Qc5 52. Nc4 Bb6 53. Nxb6 Qxb6 54. Qd2 Qc5 55. a4 Qc4 56. a5 Qb5 57. b4 Kh6 58. Qb2 Kg7 59. Kf2 Kf6 60. Kg2 1-0

[Event "*** Titled Tuesday Blitz"]
[Site "Chess.com"]
[Date "2020.04.21"]
[Round "9"]
[White "ChessWarrior7197"]
[Black "Nikolakis2014"]
[Result "0-1"]
[WhiteElo "2865"]
[BlackElo "2716"]
[TimeControl "180+1"]
[EndTime "11:51:08 PDT"]
[Termination "Nikolakis2014 won on time"]

1. c4 Nf6 2. Nc3 e6 3. d4 Bb4 4.
e3 O-O 5. Bd2 b6 6. Nf3 Bb7 7.
Bd3 d6 8. O-O Nbd7 9. Qc2 e5 10. d5 Nc5 11. Be2 a5 12. b3 c6 13.
dxc6 Bxc6 14. Rfd1 Qe7 15. Be1 Rfc8 16. Qb2 h6 17.
Nd5 Bxd5 18. cxd5 Bxe1 19. Nxe1 Qb7 20. Bf3 b5 21. Rac1 b4 22. Rc4 e4 23. Be2 Nxd5 24. Bf1 a4 25. Nc2 axb3 26. axb3 Nc3 27. Ra1 Rxa1 28.
Qxa1 Ra8 29. Qe1 Nd3 30. Qd2 d5 31. Rd4 Nb1 32. Qd1 Nc3 33. Qd2 Ra2 34. Bxd3 exd3 35. Qxd3 Qc6 36. h4 Qf6 37. Rf4 Qe5 38. Rxb4 Ne4 39. Ra4 Rb2 40. Ra8+ Kh7 41. g3 Qf6 42. Qe2 Nc3 43. Qd3+ Ne4 44. Qe2 Qc3 45. Qf3 Rxc2 46. Qf5+ g6 47. Qxf7+ Qg7 48. Qxd5 Nxf2 49. Rd8 Nh3+ 50.
Kf1 Qa1+ 51. Qd1 Rc1 52. Rd7+ Kg8 53. Rd8+ Kf7 54. Rd7+ Ke6 55. Rd6+ Ke5 56. Rd5+ Ke4 57. Rd4+ Qxd4 58. Qxc1 Qxe3 0-1

[Event "*** Titled Tuesday Blitz"]
[Site "Chess.com"]
[Date "2020.04.21"]
[Round "9"]
[White "MFguimaraes"]
[Black "Neimar24"]
[Result "1/2-1/2"]
[WhiteElo "2429"]
[BlackElo "2564"]
[TimeControl "180+1"]
[EndTime "11:51:11 PDT"]
[Termination "Game drawn by agreement"]

1. e4 e6 2. d4 d5 3. Nd2 c5 4. exd5 Qxd5 5. Ngf3 cxd4 6. Bc4 Qd7 7. O-O Nc6 8. Nb3 a6 9. Nbxd4 Bd6 10. Bg5 h6 11.
Bh4 Nge7 12. Re1 Qc7 13. Bg3 Bxg3 14. hxg3 O-O 15. c3 Nxd4 16. Qxd4 Nf5 17. Qf4 Qc5 18.
b4 Qb6 19. Ne5 a5 20. a3 axb4 21. axb4 Rxa1 22. Rxa1 Rd8 23. Bd3 g5 24. Qf3 Qc7 25. Bxf5 Qxe5 26. Be4 b6 27. Ra8 Kg7 28. Ra7 Rd7 29.
Rxd7 Bxd7 30. Qe3 f5 31. Bf3 Qxe3 32. fxe3 Kf6 33. Kf2 Ke5 34. Bb7 Kd6 35. Ke2 Bb5+ 36. Kf2 e5 37. Bc8 Bd3 38. Bb7 g4 39. Ke1 Bc4 40.
Kd2 b5 41. Ke1 Bd5 42. Bc8 Be4 43. Kd2 h5 44. Ba6 Kc6 45. Bc8 Kc7 46. Be6 Kd6 47.
Bc8 Bxg2 48. Bxf5 Bf3 49. e4 Ke7 50. Ke3 Kf6 51. Kf2 Kg5 52. Kg1 h4 53. gxh4+ Kxh4 54. Kf2 Kg5 55. Bd7 Kf4 56. Bxb5 g3+ 57. Kg1 Bxe4 58.
c4 Bf3 59. c5 e4 60. c6 e3 61.
c7 Bg4 62. Ba6 Kf3 63. Bb7+ Ke2 64. c8=Q Bxc8 65. Bxc8 Kd3 66. Bg4 Kc4 67. Kg2 Kxb4 68. Kxg3 1/2-1/2

[Event "*** Titled Tuesday Blitz"]
[Site "Chess.com"]
[Date "2020.04.21"]
[Round "9"]
[White "White_Ghost"]
[Black "Ladislav1969"]
[Result "1/2-1/2"]
[WhiteElo "2424"]
[BlackElo "2267"]
[TimeControl "180+1"]
[EndTime "11:51:12 PDT"]
[Termination "Game drawn by stalemate"]

1. d4 Nf6 2. c4 g6 3. g3 Bg7 4. Bg2 d5 5. Nc3 dxc4 6. e4 c5 7. d5 Bg4 8. Nf3 O-O 9. h3 Bxf3 10. Qxf3 e6 11. O-O exd5 12. exd5 Nbd7 13. Re1 Re8 14. Bf4 Nb6 15. d6 Rxe1+ 16. Rxe1 Nh5 17. Qxb7 Nxf4 18. gxf4 Qxd6 19. Ne4 Qxf4 20. Nxc5 Bd4 21. Ne4 Kg7 22. Re2 Qc1+ 23. Kh2 Bxb2 24. Re3 Be5+ 25. Ng3 Bf4 26.
Rf3 c3 27. Qe4 Bxg3+ 28. fxg3 c2 29. Rf2 Rc8 30. Qe7 Rf8 31. Qf6+ Kg8 32. Qc3 Rc8 33. Qf6 Rf8 34. Qc3 Rc8 35. Qb3 Rc7 36. Be4 Qd1 37.
Rxc2 Rxc2+ 38. Qxc2 Qxc2+ 39. Bxc2 Kg7 40. Bb3 Kf6 41. Kg2 Ke7 42. Kf3 f5 43. h4 Kf6 44.
Kf4 Nc8 45. Bc4 Nd6 46. Bd5 Nb5 47. Bc4 Nc3 48. Bb3 Ne2+ 49. Kf3 Nd4+ 50. Kf4 Nxb3 51.
axb3 Ke6 52. Kg5 Kf7 53. Kh6 Kg8 54. b4 a6 55. h5 gxh5 56. Kxh5 Kg7 57. Kg5 h6+ 58.
Kxf5 Kf7 59. Kg4 Kg6 60. Kf4 h5 61. g4 h4 62. g5 h3 63. Kg3 Kxg5 64. Kxh3 Kf4 65.
Kg2 Ke3 66. Kf1 Kd2 67. Kf2 Kc3 68. Ke2 Kxb4 69. Kd1 Kb3 70. Kc1 Ka2 71. Kc2 a5 72. Kc1 a4 73. Kc2 a3 74. Kc1 Kb3 75. Kb1 a2+ 76.
Ka1 Ka3 1/2-1/2

[Event "*** Titled Tuesday Blitz"]
[Site "Chess.com"]
[Date "2020.04.21"]
[Round "9"]
[White "731291"]
[Black "tigra"]
[Result "1/2-1/2"]
[WhiteElo "2615"]
[BlackElo "2775"]
[TimeControl "180+1"]
[EndTime "11:51:13 PDT"]
[Termination "Game drawn - insufficient material"]

1. d4 Nf6 2. Nf3 g6 3. Nbd2 d5 4. b4 Ne4 5. Bb2 Bg7 6. e3 c5 7. bxc5 Nxc5 8. Bb5+ Bd7 9. Bxd7+ Nbxd7 10. O-O Na4 11.
Rb1 b5 12. e4 dxe4 13. Nxe4 O-O 14. Re1 Nf6 15. Nxf6+ Bxf6 16. Ne5 Qd5 17. Qd3 Bxe5 18.
dxe5 Qxd3 19. cxd3 a5 20. e6 f6 21. Re4 Nc5 22. Re3 Rfd8 23. d4 Na4 24. Ba1 Rac8 25.
g3 Rd5 26. Reb3 f5 27. Kg2 Rb8 28. a3 Kg7 29. Bc3 Nxc3 30. Rxc3 Rxd4 31. Rc5 Ra4 32. Rcxb5 Rxb5 33. Rxb5 Rxa3 34. Rb6 Kf6 35. Ra6 g5 36. h3 h5 37. Kg1 g4 38. hxg4 hxg4 39. Kg2 Ra1 40. Kh2 a4 41. Kg2 a3 42. Kh2 Ke5 43.
Kg2 Ke4 44. Ra7 a2 45. Ra4+ Ke5 46. Ra6 Kd5 47. Kh2 Kc4 48. Kg2 Kb3 49. Rb6+ Kc3 50. Ra6 Kd3 51. Ra7 Ke2 52. Ra6 Kd3 53. Ra3+ Ke4 54.
Ra6 Ke5 55. Kh2 f4 56. gxf4+ Kxf4 57. Kg2 Kf5 58. Kh2 Ke4 59. Kg2 Kf4 60. Ra4+ Kg5 61.
Ra6 Kh4 62. Ra5 Re1 63. Rxa2 Rxe6 64. Ra5 Re2 65. Ra8 e5 66. Rh8+ Kg5 67. Rg8+ Kf4 68. Rf8+ Kg5 69. Rg8+ Kf5 70. Rf8+ Ke6 71. Rg8 Re4 72. Kg3 Kf5 73. Rf8+ Kg5 74. Rg8+ Kf5 75. Rf8+ Ke6 76. Rg8 Rd4 77. Rxg4 e4 78. Rg5 Rd3+ 79. Kf4 Rf3+ 80. Kxe4 Rxf2 81. Rg6+ Rf6 82. Rxf6+ Kxf6 1/2-1/2

[Event "*** Titled Tuesday Blitz"]
[Site "Chess.com"]
[Date "2020.04.21"]
[Round "9"]
[White "chidori_boruto"]
[Black "Yuri202062"]
[Result "1-0"]
[WhiteElo "2637"]
[BlackElo "2485"]
[TimeControl "180+1"]
[EndTime "11:51:13 PDT"]
[Termination "chidori_boruto won on time"]

1. d4 d5 2. Bf4 c5 3. e3 Nc6 4. Nc3 cxd4 5. exd4 Bf5 6. Nf3 e6 7. Nb5 Rc8 8. a4 a6 9. Na3 Bd6 10. Bg3 Nf6 11. c3 O-O 12. Bd3 Bxd3 13. Qxd3 Ne4 14.
Bxd6 Qxd6 15. O-O Na5 16. Qc2 Rc7 17. Ne5 Rfc8 18. f3 Nf6 19. Rfe1 Nd7 20. Nd3 b6 21.
Nb4 Ra7 22. Qe2 Nc4 23. Nxc4 Rxc4 24. Rec1 a5 25. Nc2 Rc8 26. Qb5 Nf6 27. Ne3 Ne8 28.
Re1 h6 29. Re2 Nf6 30. Rae1 Qd7 31. Qb3 Rb7 32. Ra1 b5 33. axb5 Qxb5 34. Qxb5 Rxb5 35. Ra2 Rcb8 36. Nd1 Ne8 37. Nf2 Nd6 38. Nd3 Nc4 39. Kf1 Kf8 40. Ke1 Ke7 41. Kd1 Kd6 42. Kc1 f6 43. f4 g5 44. g3 Kd7 45. Nc5+ Rxc5 46.
dxc5 e5 47. fxe5 fxe5 48. Kc2 a4 49. Kc1 a3 50. bxa3 e4 51. a4 Kc6 52. a5 Kxc5 53. a6 Ra8 54. Rf2 Ra7 55. g4 Ne5 56. Rf5 Nxg4 57.
Ra5+ Kc4 58. Rfxd5 Ne3 59. Rdb5 1-0

[Event "*** Titled Tuesday Blitz"]
[Site "Chess.com"]
[Date "2020.04.21"]
[Round "9"]
[White "Kobalia"]
[Black "AnishGiri"]
[Result "0-1"]
[WhiteElo "2716"]
[BlackElo "3008"]
[TimeControl "180+1"]
[EndTime "11:51:14 PDT"]
[Termination "AnishGiri won on time"]

1. e4 c5 2. Nf3 d6 3. Bb5+ Nd7 4. O-O a6 5. Bd3 Ngf6 6. c3 b5 7. Bc2 Bb7 8. Qe2 e6 9. d4 Be7 10. Nbd2 Qc7 11. Bd3 O-O 12. Re1 Rfc8 13. Nf1 e5 14.
Ng3 g6 15. Bg5 Bf8 16. Rad1 Bg7 17. d5 c4 18. Bc2 a5 19. h4 h5 20. Nh2 Re8 21. Qd2 Bc8 22. Bh6 Nc5 23. Bxg7 Kxg7 24.
Qg5 Qe7 25. Rf1 Kg8 26. Qh6 Ng4 27. Nxg4 Bxg4 28. f3 Bc8 29. Qg5 Qxg5 30. hxg5 b4 31. Rfe1 Rb8 32. Nf1 Ba6 33. Ne3 b3 34. Bb1 Kg7 35.
a3 f6 36. gxf6+ Kxf6 37. g3 g5 38. Nf5 Rbd8 39. Kf2 Bc8 40. Rh1 Bxf5 41. exf5 Rh8 42. Rh2 Rh6 43. Rdh1 Rdh8 44. Ke3 h4 45. g4 h3 46. Be4 Rh4 47. Bb1 Na4 48. Rg1 Ke7 49. Be4 R8h6 50. Bb1 Kd7 51. Be4 Kc7 52. Re1 Kb6 53.
Rf1 Kc5 54. Rd1 Nb6 55. Rdd2 Nd7 56. Rd1 Nf6 57. Rdd2 Rh8 58. Rd1 Rxg4 59. fxg4 Nxg4+ 60. Kf3 Nxh2+ 61. Kg3 Rh4 62. Kxh2 Rxe4 63. Rf1 g4 64. f6 Re2+ 65. Kg3 Rg2+ 66. Kh4 h2 67. f7 h1=Q+ 68. Rxh1 Rf2 69. Kxg4 Rxf7 70. Rh2 Kxd5 0-1

[Event "*** Titled Tuesday Blitz"]
[Site "Chess.com"]
[Date "2020.04.21"]
[Round "9"]
[White "cjxchess17"]
[Black "IngOscarArdila"]
[Result "1-0"]
[WhiteElo "2299"]
[BlackElo "2047"]
[TimeControl "180+1"]
[EndTime "11:51:15 PDT"]
[Termination "cjxchess17 won by resignation"]

1. d4 Nf6 2. c4 g6 3. Nc3 Bg7 4. e4 d6 5. Nf3 O-O 6. h3 e5 7. d5 c6 8. Be3 cxd5 9. cxd5 Nbd7 10.
Be2 Nh5 11. g3 Nhf6 12. Nh2 a6 13. a4 Nc5 14. Qc2 b6 15. Ng4 Bb7 16. h4 h5 17.
Nxf6+ Bxf6 18. g4 hxg4 19. h5 Bg5 20. Bxc5 bxc5 21. Bxg4 Qf6 22. Qe2 Kg7 23. Ra3 Rh8 24. Nd1 a5 25. Rah3 Ba6 26. Qf3 Qxf3 27. Bxf3 gxh5 28. Bxh5 Bf4 29. Rg1+ Kf6 30. Ne3 Rag8 31. Rxg8 Rxg8 32. Ng4+ Ke7 33. f3 Bc4 34. Kf2 Bb3 35. Rh1 c4 36. Ra1 Rb8 37. Ne3 Bxe3+ 38. Kxe3 Rb4 39. Bg4 Bxa4 40. Rh1 Rxb2 41. Rh7 Rb3+ 42.
Kf2 Be8 43. Rh1 a4 44. Ra1 c3 45. Ke2 Bb5+ 46. Kd1 Rb2 47. Ra3 Be2+ 48. Kc1 Bd3 49. Rxc3 Rb3 50. Rxb3 axb3 51. Kb2 Bc2 52. Bf5 Kf6 53.
Bg4 Kg5 54. Kc3 f6 55. Kb2 Kf4 56. Kc3 Ke3 57. Kb2 Kd2 58. Bf5 Kd3 59. f4 exf4 60. e5+ Kd4 61. exf6 Bxf5 62. f7 Kxd5 63. f8=Q Be6 64.
Qxf4 1-0